 Dungeon Crawl Stone Soup version 0.31-a0-1204-ge2c1a860ed (webtiles) character file.

Game seed: 13332108823109697256

2618 hikkokomori the Digger (level 9, -5/56 HPs)
             Began as a Gargoyle Earth Elementalist on Dec 12, 2023.
             Was a Believer of Kikubaaqudgha.
             Killed from afar by Maggie (16 damage)
             ... with a bolt of fire
             ... on level 7 of the Dungeon.
             The game lasted 00:12:37 (6563 turns).

hikkokomori the Digger (GrEE)                       Turns: 6563, Time: 00:12:37

Health: -5/56      AC: 10    Str: 11    XL:     9   Next: 60%
Magic:  1/17       EV: 11    Int: 21    God:    Kikubaaqudgha [**....]
Gold:   364        SH:  0    Dex: 10    Spells: 9/19 levels left

rFire   . . .        u - +1 hand axe (vamp)
rCold   . . .        (no shield)
rNeg    + . .        y - +2 robe {Will+}
rPois   ∞            (no helmet)
rElec   +            (no cloak)
rCorr   .            (no gloves)
SInv    .            (no boots)
Will    +....        (no amulet)
Stlth   ++           (no ring)
HPRegen 0.29/turn    (no ring)
MPRegen 0.15/turn

%: no passive effects
@: no status effects
A: sickness immunity, AC +6, negative energy resistance 1, electricity
resistance, torment resistance 1, petrification resistance
a: Renounce Religion, Unearth Wretches


You were on level 7 of the Dungeon.
You worshipped Kikubaaqudgha.
Kikubaaqudgha was pleased with you.
You visited 2 branches of the dungeon, and saw 8 of its levels.

You collected 384 gold pieces.
You spent 20 gold pieces at shops.

Inventory:

Hand Weapons
 q - a +1 short sword of holy wrath
 u - a +1 vampiric hand axe (weapon)
 z - a +3 hand axe
Armour
 a - a +0 robe
 y - a +2 robe of willpower (worn)
 A - a +1 scale mail of willpower
Jewellery
 w - an amulet of magic regeneration
Wands
 d - a wand of flame (39)
 n - a wand of charming (13)
 o - a wand of digging (6)
Scrolls
 c - 3 scrolls of teleportation
 l - 2 scrolls of revelation {unknown}
 s - a scroll of amnesia {unknown}
 t - a scroll of vulnerability {unknown}
 v - a scroll of noise {unknown}
 x - 2 scrolls of identify
Potions
 b - a potion of magic
 e - 4 potions of enlightenment
 f - 2 potions of berserk rage
 g - 3 potions of cancellation {unknown}
 h - a potion of invisibility {unknown}
 i - a potion of brilliance {unknown}
 j - a potion of heal wounds {unknown}
 k - a potion of resistance
 m - a potion of lignification {unknown}
 p - 3 potions of curing
 r - a potion of degeneration {unknown}


   Skills:
 + Level 6.4 Fighting
 - Level 1.5 Dodging
 - Level 4.7 Stealth
 + Level 5.8 Spellcasting
 + Level 5.1 Conjurations
 + Level 2.1 Necromancy
 - Level 3.3 Translocations
 - Level 0.7 Transmutations
 - Level 7.3 Earth Magic


You had 9 spell levels left.
You knew the following spells:

 Your Spells              Type           Power      Damage    Failure   Level
a - Sandblast             Erth           74%        2d16      1%          1
b - Stone Arrow           Conj/Erth      64%        3d11      2%          3
c - Blink                 Tloc           40%        N/A       3%          2
d - Animate Dead          Necr           15%        N/A       38%         4

Your spell library contained the following spells:

 Spells                   Type           Power      Damage    Failure   Level
 Apportation              Tloc           40%        N/A       2%          1
 Kiss of Death            Conj/Necr      84%        2d11      2%          1
 Momentum Strike          Conj/Tloc      48%        3d9       2%          2
 Passwall                 Tmut/Erth      19%        N/A       2%          2
 Lesser Beckoning         Tloc           40%        N/A       3%          2
 Necrotise                Necr           60%        1d7       4%          1
 Brom's Barrelling Bould  Conj/Erth      32%        2d5       8%          4
 Summon Small Mammal      Summ           24%        N/A       10%         1
 Vampiric Draining        Necr           15%        2d7       13%         3
 Ensorcelled Hibernation  Hex/Ice        12%        N/A       16%         2
 Jinxbite                 Hex            12%        N/A       16%         2
 Iskenderun's Mystic Bla  Conj/Tloc      24%        2d7       17%         4
 Petrify                  Tmut/Erth      23%        N/A       19%         4
 Ozocubu's Armour         Ice            6%         N/A       30%         3
 Tukima's Dance           Hex            6%         N/A       30%         3
 Dimensional Bullseye     Hex/Tloc       6%         N/A       45%         4
 Anguish                  Hex/Necr       5%         N/A       54%         4
 Irradiate                Conj/Tmut      9%         3d14      63%         5
 Ozocubu's Refrigeration  Ice            3%         4d8       100%        7
 Sublimation of Blood     Necr           Unusable   N/A       N/A         2

Dungeon Overview and Level Annotations

Branches:
Dungeon (7/15)             Temple (1/1) D:4

Altars:
Cheibriados
Dithmenos
Elyvilon
Fedhas
Gozag
Hepliaklqana
Kikubaaqudgha
Makhleb
Nemelex Xobeh
Qazlal
Ru
Sif Muna
Trog
Uskayaw
Wu Jian
Xom
Yredelemnul
Zin
The Shining One

Shops:
D:5 ?

Annotations:
D:4 2 transporters, grandjackal's ghost, amateur DsGl
D:6 3 runed translucent doors, backslashecho's ghost, novice MeSh
D:7 Maggie


Innate Abilities, Weirdness & Mutations

You are immune to sickness and miasma.
Your stone body is resilient. (AC +6)
You are immune to poison.
You resist negative energy. (rN+)
You are resistant to electric shocks. (rElec)
You are resistant to unholy torment.
You are immune to petrification.


Message History

Maggie zaps a wand.
The puff of flame hits you. Maggie barely misses you.
Unknown command.
Press: ? - help, v - describe, . - travel, g - get item
Here: Maggie, wielding a +0 long sword, wearing +0 acid dragon scales and carrying a wand of flame (heavily wounded)
Items here: )) [ †.
The floor, spattered with blood.
Unknown command.
Aiming: Charm
Press: ? - help, Shift-Dir - straight line, f/p - Maggie
Aim: Maggie, wielding a +0 long sword, wearing +0 acid dragon scales and carrying a wand of flame (heavily wounded, chance to affect: 49%) Maggie resists with some effort.
Maggie mumbles some strange words.
Maggie attempts to bespell you! You resist with almost no effort.
Unknown command.
You hit Maggie.
You feel better.
Your punch misses Maggie.
Maggie is heavily wounded.
Maggie hits you with a +0 long sword.
Unknown command.
You hit Maggie.
You feel better.
Maggie is heavily wounded.
Maggie barely misses you.
Unknown command.
You closely miss Maggie.
Maggie is heavily wounded.
Maggie hits you with a +0 long sword.
* * * LOW HITPOINT WARNING * * *
Maggie hits you with a +0 long sword.
* * * LOW HITPOINT WARNING * * *
Unknown command.
Casting: Sandblast (safe; 1% risk of failure)
Confirm with . or Enter, or press ? or * to list all spells.
Aiming: Sandblast (safe; 1% risk of failure)
Press: ? - help, Shift-Dir - straight line, f/p - Maggie
Aim: Maggie, wielding a +0 long sword, wearing +0 acid dragon scales and carrying a wand of flame (heavily wounded, 84% to hit)
The blast of sand hits Maggie but does no damage.
Maggie is heavily wounded.
Maggie gestures at you while chanting. The bolt of fire hits you!
You die...
Kikubaaqudgha rasps: "You have failed me!
Welcome... oblivion!"

# ## #...g.#≈≈≈#.. ###
.. .#.....#S≈≈#.. #≈#
#.######.#.?...#####..
#≈#
#........#............
#S# #..##....#
#.........
#####..##.#.#
###..#.#.f
#≈##........##.#.$....#
#≈##...........#@#.####
#≈##.......#####@#..#
####..).)..##....##.# #
#...)...#..#### .# #
#..#..###.## .# #
#..##.###.# .#≈
####.<##.##..# ## #≈
......##..#.###≈#
#...#####.#†#.#≈# #...#
###...#(#≈#


You could see Maggie and an electric eel.

Vanquished Creatures
  Grinder (D:6)
  Eustachio (D:4)
  Menkaure (D:7)
  Duvessa (D:5)
  4 orc warriors
  A black bear (D:6)
  2 ogres (D:6)
  A centaur (D:5)
  2 phantoms
  A kobold brigand (D:7)
  5 bullfrogs
  Dowan (D:5)
  2 howler monkeys (D:6)
  3 hounds
  3 jellies
  A gnoll bouda (D:7)
  An iguana (D:4)
  3 orc priests
  A sleepcap (D:7)
  Natasha (twice) (D:3)
  4 orc wizards
  6 adders
  3 gnolls (D:7)
  A white imp (D:6)
  2 ufetubi (D:5)
  3 dart slugs
  23 orcs
  8 ball pythons
  7 bats
  6 endoplasms
  3 giant cockroaches
  10 goblins
  6 hobgoblins
  A quokka (D:3)
  10 frilled lizards
  11 kobolds
  7 rats
148 creatures vanquished.

Notes
Turn   | Place    | Note
-------+----------+-------------------------------------------
     0 | D:1      | hikkokomori the Gargoyle Earth Elementalist began the quest
                  | for the Orb.
     0 | D:1      | Reached XP level 1. HP: 10/10 MP: 3/3
   237 | D:1      | Reached XP level 2. HP: 16/16 MP: 0/5
   433 | D:1      | Reached skill level 1 in Fighting
   505 | D:1      | Reached skill level 4 in Earth Magic
   576 | D:1      | Reached XP level 3. HP: 20/20 MP: 4/6
  1330 | D:2      | Reached XP level 4. HP: 26/26 MP: 3/7
  1584 | D:2      | Found a faded altar of an unknown god.
  2239 | D:3      | Noticed Natasha
  2245 | D:3      | Killed Natasha
  2246 | D:3      | Reached XP level 5. HP: 30/30 MP: 5/9
  2578 | D:3      | Noticed Natasha
  2581 | D:3      | Killed Natasha
  2711 | D:4      | Found a transporter.
  2716 | D:4      | Noticed grandjackal's ghost (amateur DsGl)
  2964 | D:4      | Found a sparkling altar of Nemelex Xobeh.
  3009 | D:4      | Found a staircase to the Ecumenical Temple.
  3012 | D:4      | Noticed Eustachio
  3022 | D:4      | Killed Eustachio
  3023 | D:4      | Reached skill level 5 in Earth Magic
  3023 | D:4      | Reached XP level 6. HP: 35/37 MP: 2/11
  3032 | Temple   | Entered the Ecumenical Temple
  3142 | Temple   | Became a worshipper of Kikubaaqudgha
  3433 | D:4      | Found a transporter.
  3598 | D:5      | Entered Level 5 of the Dungeon
  3693 | D:5      | Reached XP level 7. HP: 27/41 MP: 6/12
  3787 | D:5      | Found Sovocegh's Magic Scroll Shoppe.
  3796 | D:5      | Learned a level 3 spell: Stone Arrow
  3799 | D:5      | Learned a level 2 spell: Blink
  3831 | D:5      | Bought a scroll of identify for 20 gold pieces
  4198 | D:5      | Reached skill level 1 in Conjurations
  4275 | D:5      | Noticed Duvessa
  4275 | D:5      | Noticed Dowan
  4282 | D:5      | Killed Duvessa
  4283 | D:5      | Reached skill level 1 in Translocations
  4283 | D:5      | Reached skill level 6 in Earth Magic
  4289 | D:5      | Killed Dowan
  4609 | D:6      | Reached XP level 8. HP: 48/48 MP: 10/14
  4761 | D:6      | Reached * piety under Kikubaaqudgha
  4761 | D:6      | Received a gift from Kikubaaqudgha
  4947 | D:6      | Found a runed translucent gate.
  4947 | D:6      | Found a runed translucent gate.
  4949 | D:6      | Found a runed translucent gate.
  4950 | D:6      | Found an opulent altar of Gozag.
  4950 | D:6      | Noticed a boulder beetle
  4952 | D:6      | Noticed backslashecho's ghost (novice MeSh)
  4953 | D:6      | Noticed a cyclops
  5065 | D:6      | Reached skill level 5 in Fighting
  5256 | D:6      | Noticed Grinder
  5267 | D:6      | Reached skill level 7 in Earth Magic
  5298 | D:6      | Killed Grinder
  5299 | D:6      | Reached skill level 5 in Spellcasting
  5299 | D:6      | Reached XP level 9. HP: 45/54 MP: 4/16
  5501 | D:6      | Learned a level 4 spell: Animate Dead
  6142 | D:7      | Reached skill level 1 in Necromancy
  6433 | D:7      | Reached ** piety under Kikubaaqudgha
  6536 | D:7      | Noticed Maggie
  6537 | D:7      | Noticed Menkaure
  6548 | D:7      | Reached skill level 5 in Conjurations
  6551 | D:7      | Killed Menkaure
  6563 | D:7      | Killed from afar by Maggie

Illustrated notes

Levels and vault maps discovered:
D:1:      dpeg_arrival_rooms_c, layout_basic, minmay_heptomino_l4
D:2:      layout_basic, hellmonk_ecumenical_altar_inner_sanctum,
          minmay_lizard_pond
D:3:      layout_loops_ring, chequers_serial_rivers_room_a, uniq_natasha
D:4:      layout_basic, marbit_many_paths, minmay_temple_entry_drinking_statues,
          gammafunk_ghost_mausoleum, uniq_eustachio
D:5:      layout_loops_ring, minmay_shop_grid_forest, uniq_duvessa
D:6:      layout_basic, ebering_ghost_gozag, st_stairs_12, uniq_grinder
D:7:      layout_basic, cheibrodos_ashenzari_chains, serial_aquarium,
          aquarium_bridge_square [aquarium_subvault_bridge,
          aquarium_subvault_window, aquarium_subvault_balcony,
          aquarium_subvault_bridge], aquarium_window_corridor_1,
          aquarium_window_1, aquarium_view_2d, aquarium_balcony_5b,
          aquarium_pool_2, uniq_menkaure, uniq_crazy_yiuf_cottage, uniq_maggie,
          uniq_prince_ribbit1
Temple:   minmay_temple_bridge_d

Skill      XL: |  1  2  3  4  5  6  7  8  9 |
---------------+----------------------------+-----
Fighting       | 1 2 3 4 5 6 |  6.4
Earth Magic    | 4 5 6 7 |  7.3
Stealth        | 3 4 |  4.7
Spellcasting   | 3 4 5 |  5.8
Conjurations   | 2 3 5 |  5.1
Translocations | 1 3 |  3.3
Necromancy     | 2 |  2.1
Dodging        | |  1.5
Transmutations | |  0.7

Action                     |  1- 3 |  4- 6 |  7- 9 || total
---------------------------+-------+-------+-------++-------
  Melee: Unarmed           |    11 |       |     5 ||    16
         Hand axe          |       |       |    24 ||    24
   Cast: Sandblast         |    52 |    67 |   122 ||   241
         Stone Arrow       |       |       |    23 ||    23
  Evoke: Wand              |       |       |     3 ||     3
    Use: Scroll            |       |       |     6 ||     6
         Potion            |       |       |     1 ||     1
 Armour: Robe              |    16 |    24 |   107 ||   147
  Dodge: Dodged            |    23 |    22 |    79 ||   124

Table legend: (Time is in decaauts)
 A = Elapsed time spent in this place.
 B = Non-inter-level travel time spent in this place.
 C = Inter-level travel time spent in this place.
 D = Time resting spent in this place.
 E = Time spent auto-exploring this place.
 F = Levels seen in this place.
 G = Mean time per level.
                   A        B        C        D        E       F      G
               +--------+--------+--------+--------+--------+-----+--------+
         Total |   6691 |   6393 |    298 |    168 |   5201 |   8 |  836.4 |
       Dungeon |   6512 |   6365 |    147 |    168 |   5201 |   7 |  930.3 |
        Temple |    178 |     27 |    151 |      0 |      0 |   1 |  178.0 |
               +--------+--------+--------+--------+--------+-----+--------+

Top non-repeatable levels by time:
     D:6: 1388 daAuts
     D:5: 1201 daAuts
     D:1: 1025 daAuts
     D:3: 896 daAuts
     D:2: 794 daAuts
     D:4: 758 daAuts
     D:7: 447 daAuts
  Temple: 178 daAuts
